 Dungeon Sprint DCSS version 0.30-a0-920-g7493c07aab (webtiles) character file.

Game seed: 3534428735638097771

585 Atreus the Fighter (level 7, -1/111 HPs)
             Began as an Armataur Berserker on Mar 21, 2023.
             Was a Believer of Trog.
             Succumbed to Sonja's poison
             ... in the Dungeon (Sprint I: "Red Sonja").
             The game lasted 00:01:39 (393 turns).

Atreus the Fighter (Armataur Berserker)              Turns: 393, Time: 00:01:40

Health: -1/111     AC:  9    Str: 25    XL:     7   Next: 15%
Magic:  7/7        EV:  8    Int:  7    God:    Trog [**....]
Gold:   250        SH:  4    Dex:  9    Spells: 6/6 levels left

rFire   . . .      SeeInvis .    a - +0 hand axe
rCold   + . .      Faith    .    k - +0 buckler
rNeg    . . .      Spirit   .    j - +3 ring mail {rC+}
rPois   .          Reflect  .    (no helmet)
rElec   .          Roll     +    (no cloak)
rCorr   .          NoTele   +    (no gloves)
Will    .....                    (no barding) Stlth
                                 (no amulet)
HPRegen 0.38/turn                (no ring)
MPRegen 0.10/turn                (no ring)

@: berserking (expiring), lethally poisoned (-1 -> -57), very quick
A: large, rugged brown scales 3, deformed body, armoured tail, roll, long
tongue, awkward tongue
a: Renounce Religion, Berserk, Trog's Hand


You were in the Dungeon.
You worshipped Trog.
Trog was pleased with you.
You visited 1 branch You collected 405 gold pieces.
You spent 155 gold pieces at shops.

Inventory:

Hand Weapons
 a - a +0 hand axe (weapon)
Armour
 b - a +0 animal skin
 j - a +3 ring mail of cold resistance (worn)
 k - a +0 buckler (worn)
Wands
 i - a wand of polymorph (4)
Scrolls
 h - a scroll of blinking
 l - 2 scrolls of immolation
Potions
 c - a potion of curing
 d - a potion of heal wounds
 e - a potion of haste
 f - 2 potions of magic
 g - a potion of berserk rage


   Skills:
 + Level 9.5 Fighting
 + Level 9.0 Axes
 - Level 6.1 Armour
 - Level 1.3 Dodging
 * Level 2.7 Shields
 - Level 2.1 Unarmed Combat


You had 6 spell levels left.
You didn't know any spells.
Your spell library was empty.

Dungeon Overview and Level Annotations

Branches:
Dungeon (1/1)

Altars:
Cheibriados
Dithmenos
Elyvilon
Fedhas
Gozag
Hepliaklqana
Kikubaaqudgha
Makhleb
Nemelex Xobeh
Okawaru
Qazlal
Ru
Sif Muna
Trog
Uskayaw
Vehumet
Wu Jian
Xom
Yredelemnul
Zin
The Shining One
Jiyva
Lugonu

Shops:
D ?

Annotations:
D Sonja


Innate Abilities, Weirdness & Mutations

You are completely covered in rugged brown scales. (AC +3, +7% HP)
Armour fits poorly on your strangely shaped body.
You have a long armoured tail.
You roll when moving toward enemies. (Rampage)
Your long tongue fully drains potion bottles. (2x potion effects)
Your tongue gives you trouble enunciating. (1.5x scroll delay)


Message History

You are more poisoned.
Sonja hits you with a +2 short sword of venom.
You block Sonja's attack.
You slash Sonja!
Sonja is almost dead.
You feel very sick.
Sonja hits you with a +2 short sword of venom!
You are more poisoned.
Sonja hits you with a +2 short sword of venom. x2
You are lethally poisoned!
You are too berserk!
You closely miss Sonja.
Your tail-slap misses Sonja.
Sonja is almost dead.
You feel very sick.
Sonja hits you with a +2 short sword of venom.
You are more poisoned.
You block Sonja's attack. Sonja hits you but does no damage.
You completely miss Sonja.
Sonja is almost dead.
* * * LOW HITPOINT WARNING * * *
You feel very sick.
Sonja hits you with a +2 short sword of venom.
* * * LOW HITPOINT WARNING * * *
You are more poisoned.
Sonja hits you with a +2 short sword of venom.
* * * LOW HITPOINT WARNING * * *
You are more poisoned.
You block Sonja's attack.
You barely miss Sonja.
Your tail-slap misses Sonja.
Sonja is almost dead.
* * * LOW HITPOINT WARNING * * *
You feel extremely sick.
Unknown command.
Press < or > to pray at altars.
* * * LOW HITPOINT WARNING * * *
You feel extremely sick.
There is a blossoming altar of Fedhas here.
You completely miss Sonja.
Sonja is almost dead.
You die...

######################
#<.#..').#..'..#__#..+
#..').#..').#..'..'..#
#..#####'#####'#__####
#..####..#...#[####
#..#__####..##)#
#..#__K@_##'#_.+
#⌠⌠#_.∩...†..._#
####_..__##_.#'#
#_____###'#.# #######
#§### $.$ #$.$# ##.##
#+#


You could see Sonja.

Vanquished Creatures
  Sigmund (D)
  A slime creature (D)
  A yak (D)
  An ogre (D)
  A jelly (D)
  Ijyb (D)
6 creatures vanquished.

Notes
Turn   | Place    | Note
-------+----------+-------------------------------------------
     0 | D        | Atreus the Armataur Berserker began the quest for the Orb.
     0 | D        | Reached XP level 1. HP: 19/19 MP: 1/1
     3 | D        | Noticed Ijyb
    19 | D        | Killed Ijyb
    20 | D        | Reached skill level 1 in Unarmed Combat
    20 | D        | Reached XP level 2. HP: 25/28 MP: 2/2
    72 | D        | Noticed an ogre
    78 | D        | Killed an ogre
    79 | D        | Reached skill level 5 in Axes
    79 | D        | Reached XP level 3. HP: 39/39 MP: 3/3
    79 | D        | Reached XP level 4. HP: 47/47 MP: 4/4
    91 | D        | Noticed Sigmund
    95 | D        | Killed Sigmund
    95 | D        | Reached ** piety under Trog
    96 | D        | Reached skill level 5 in Armour
    96 | D        | Reached XP level 5. HP: 56/56 MP: 5/5
    96 | D        | Reached XP level 6. HP: 65/65 MP: 6/6
   156 | D        | Found an ornate altar of the Wu Jian Council.
   156 | D        | Found a shimmering blue altar of Sif Muna.
   158 | D        | Found a radiant altar of Vehumet.
   193 | D        | Found Peluphix's Magic Scroll Emporium.
   193 | D        | Found an ancient bone altar of Kikubaaqudgha.
   193 | D        | Found a hazy altar of Hepliaklqana.
   193 | D        | Found a stormy altar of Qazlal.
   193 | D        | Found a hide-covered altar of Uskayaw.
   193 | D        | Found a blossoming altar of Fedhas.
   193 | D        | Found a bloodstained altar of Trog.
   193 | D        | Found an iron altar of Okawaru.
   193 | D        | Found a basalt altar of Yredelemnul.
   193 | D        | Found a glowing golden altar of the Shining One.
   193 | D        | Found a snail-covered altar of Cheibriados.
   193 | D        | Found a sacrificial altar of Ru.
   193 | D        | Found a glowing silver altar of Zin.
   193 | D        | Found a shadowy altar of Dithmenos.
   193 | D        | Found a white marble altar of Elyvilon.
   193 | D        | Noticed a yak
   199 | D        | Killed a yak
   223 | D        | Found an opulent altar of Gozag.
   252 | D        | Found a sparkling altar of Nemelex Xobeh.
   256 | D        | Bought a scroll of enchant armour for 75 gold pieces
   256 | D        | Bought a scroll of immolation for 40 gold pieces
   256 | D        | Bought a scroll of immolation for 40 gold pieces
   283 | D        | Found a burning altar of Makhleb.
   283 | D        | Found a viscous altar of Jiyva.
   283 | D        | Found a shimmering altar of Xom.
   283 | D        | Found a corrupted altar of Lugonu.
   283 | D        | Noticed a slime creature
   289 | D        | Killed a slime creature
   290 | D        | Reached XP level 7. HP: 74/74 MP: 7/7
   374 | D        | Noticed Sonja
   393 | D        | Succumbed to Sonja's poison

Illustrated notes

Levels and vault maps discovered:
D:        dungeon_sprint_1 [red_sonja_temple_1, red_sonja_temple_small_1]

Skill      XL: |  1  2  3  4  5  6 |
---------------+-------------------+-----
Fighting       | 4 6 8 9 |  9.5
Axes           | 3 5 7 9 |  9.0
Armour         | 3 4 5 6 |  6.1
Unarmed Combat | 1 2 |  2.1
Shields        | 2 |  2.7
Dodging        | |  1.3

Action                     |  1- 3 |  4- 6 |  7- 9 || total
---------------------------+-------+-------+-------++-------
  Melee: Unarmed           |    15 |       |       ||    15
         Hand axe          |     6 |    17 |    12 ||    35
         Tailslap          |     1 |     5 |       ||     6
         Punch             |       |     1 |       ||     1
 Invoke: Berserk           |     1 |     3 |     1 ||     5
    Use: Scroll            |       |     1 |       ||     1
 Armour: Ring mail         |       |     4 |     1 ||     5
  Dodge: Dodged            |     8 |     1 |     3 ||    12
  Block: Buckler           |       |       |     4 ||     4

Table legend: (Time is in decaauts)
 A = Elapsed time spent in this place.
 B = Non-inter-level travel time spent in this place.
 C = Inter-level travel time spent in this place.
 D = Time resting spent in this place.
 E = Time spent auto-exploring this place.
 F = Levels seen in this place.
 G = Mean time per level.
                   A        B        C        D        E       F      G
               +--------+--------+--------+--------+--------+-----+--------+
         Total |    413 |    413 |      0 |    223 |      0 |   1 |  413.0 |
       Dungeon |    413 |    413 |      0 |    223 |      0 |   1 |  413.0 |
               +--------+--------+--------+--------+--------+-----+--------+

Top non-repeatable levels by time:
       D: 413 daAuts
